 Dungeon Crawl Stone Soup version 0.20-a0-1017-gc3250ce (webtiles) character file.

10415 MatthieuS the Severer (level 11, -1/105 HPs)
             Began as a Minotaur Berserker on Apr 18, 2017.
             Was a High Priest of Trog.
             Slain by a six-headed hydra (6 damage)
             ... on level 1 of the Lair of Beasts.
             The game lasted 00:26:24 (10250 turns).

MatthieuS the Severer (Minotaur Berserker)         Turns: 10250, Time: 00:26:25

Health: -1/105     AC: 15    Str: 23    XL:     11   Next: 35%
Magic:  4/10       EV: 10    Int:  5    God:    Trog [*****.]
Gold:   682        SH:  0    Dex: 11    Spells: 10/10 levels left

rFire    . . .     SeeInvis .   q - +1 hand axe (flame)
rCold    . . .     Gourm    .   (no shield)
rNeg     . . .     Faith    .   y - +4 scale mail
rPois    .         Spirit   .   (helmet restricted)
rElec    .         Reflect  .   K - +0 cloak
rCorr    .         Harm     .   N - +2 pair of gloves
MR       ++...                  (no boots)
Stlth    ..........             s - amulet of regeneration
Regen    1.7/turn               (no ring)
MPRegen  0.2/turn               (no ring)

@: regenerating
A: retaliatory headbutt, horns 2
a: Berserk, Trog's Hand, Brothers in Arms, Burn Spellbooks, Renounce Religion


You were on level 1 of the Lair of Beasts.
You worshipped Trog.
Trog was extremely pleased with you.
You were hungry.

You visited 2 branches of the dungeon, and saw 11 of its levels.

You collected 682 gold pieces.

Inventory:

Hand Weapons
 q - a +1 hand axe of flaming (weapon)
 w - a +0 hunting sling of freezing
 M - a +5 antimagic battleaxe
Missiles
 n - 35 sling bullets (quivered)
Armour
 y - a +4 scale mail (worn)
 K - a +0 cloak (worn)
 N - a +2 pair of gloves (worn)
Jewellery
 s - an amulet of regeneration (around neck)
Wands
 r - a wand of random effects (11/48)
 C - a wand of iceblast (8/15)
 G - a wand of paralysis (3/24)
 H - a wand of flame (31/48)
 I - a wand of disintegration (14/24)
Scrolls
 f - a scroll of blinking {unknown}
 g - 2 scrolls of fog
 h - a scroll of enchant armour
 l - 3 scrolls of teleportation
 m - 2 scrolls of enchant weapon
 o - 3 scrolls of recharging
 t - 3 scrolls of fear
 v - 2 scrolls of brand weapon
 x - 5 scrolls of remove curse
 J - a scroll of magic mapping
 O - a scroll of immolation {unknown}
Potions
 b - 3 potions of agility
 d - a potion of cancellation {unknown}
 e - 4 potions of flight
 i - 7 potions of curing
 j - a potion of magic {unknown}
 u - 3 potions of mutation {unknown}
 z - 2 potions of haste {unknown}
 A - 2 potions of might {unknown}
 B - 3 potions of heal wounds {unknown}
 D - 2 potions of degeneration {unknown}
 E - 2 potions of ambrosia {unknown}
 L - a potion of berserk rage {unknown}
Comestibles
 a - 20 chunks of flesh
 c - 11 bread rations
 k - 2 fruits
 p - 6 meat rations
 F - 6 royal jellies


   Skills:
 + Level 12.5 Fighting
 * Level 16.4 Axes
 + Level 4.3 Armour
 - Level 2.1 Dodging


You had 10 spell levels left.
You didn't know any spells.

Dungeon Overview and Level Annotations

Branches:
Dungeon (10/15)            Temple (0/1) D:6            Lair (1/6) D:9
    Orc: D:9-12

Altars:
Fedhas
Xom
The Shining One


Innate Abilities, Weirdness & Mutations

You reflexively headbutt those who attack you in melee.
You have a pair of horns on your head.


Message History

The hippogriff screeches!
You hit the six-headed hydra but do no damage.
You headbutt the six-headed hydra.
The six-headed hydra is severely wounded.
The six-headed hydra closely misses you.
The six-headed hydra bites you but does no damage.
The six-headed hydra bites you! x2
* * * LOW HITPOINT WARNING * * *
The six-headed hydra misses you. The six-headed hydra barely misses you.
You hit the six-headed hydra. You burn the six-headed hydra.
The six-headed hydra is severely wounded.
The six-headed hydra bites you but does no damage.
The six-headed hydra bites you.
* * * LOW HITPOINT WARNING * * *
The six-headed hydra barely misses you. The six-headed hydra bites you!
* * * LOW HITPOINT WARNING * * *
The six-headed hydra bites you!
* * * LOW HITPOINT WARNING * * *
The six-headed hydra bites you.
You die...

.. ... .... #.#
#.#....... ....
.......... #.#=#
#.#.......
................
#.#.#.#.#........
.......t.........
#.#.#.#D#........
.H.....@.........
#.#.#.#.#........
.................
#.#.#.#.#........
.................
#.#.#.#.#........
.................
.................
..........|......


You could see a six-headed hydra, a hippogriff and a crocodile.

Vanquished Creatures
  Fannar (D:10)
  3 two-headed ogres
  Maurice (D:8)
  Grinder (D:4)
  4 hippogriffs
  A shadow (D:10)
  A spriggan (D:7)
  A wraith (D:10)
  9 yaks
  Edmund (D:6)
  An orc warrior (D:9)
  A porcupine (Lair:1)
  Purgy (D:4)
  A black bear (D:8)
  3 sky beasts (D:7)
  3 ice beasts
  4 ogres
  2 centaurs
  The ghost of DoctorBileduct the Covered, an amateur GrFi (D:3)
  A crocodile (D:10)
  A big kobold (D:7)
  6 bullfrogs
  A gnoll sergeant (D:9)
  A wyvern skeleton (D:7)
  A scorpion (D:7)
  6 killer bees (D:7)
  5 wights (D:10)
  4 howler monkeys
  5 crimson imps
  2 centaur zombies
  3 jellies
  A bullfrog zombie (D:5)
  7 hounds
  A centaur skeleton (D:8)
  An orc priest (D:3)
  8 orc wizards
  2 iguanas
  3 worker ants
  2 howler monkey zombies
  12 gnolls
  A howler monkey skeleton (D:5)
  14 adders
  3 shadow imps
  3 worms (D:3)
  2 adder skeletons (D:4)
  2 dart slugs
  5 leopard geckos
  34 orcs
  A ball python (D:5)
  12 bats
  6 giant cockroaches
  7 goblins
  5 hobgoblins
  11 jackals
  5 quokkas
  A ball python zombie (D:5)
  3 frilled lizards
  A jackal skeleton (D:7)
  5 kobolds
  A leopard gecko skeleton (D:5)
  2 quokka skeletons
  A quokka zombie (D:9)
  7 rats
  4 toadstools (D:1)
249 creatures vanquished.

Vanquished Creatures (collateral kills)
  A two-headed ogre (D:10)
1 creature vanquished.

Grand Total: 250 creatures vanquished

Notes
Turn   | Place    | Note
-------+----------+-------------------------------------------
     0 | D:1      | MatthieuS the Minotaur Berserker began the quest for the Orb.
     0 | D:1      | Reached XP level 1. HP: 19/19 MP: 0/0
   267 | D:1      | Reached skill level 4 in Axes
   274 | D:1      | Reached XP level 2. HP: 23/27 MP: 1/1
  1004 | D:2      | Reached XP level 3. HP: 23/33 MP: 2/2
  1204 | D:2      | Reached ** piety under Trog
  1339 | D:2      | Reached skill level 5 in Axes
  1593 | D:2      | Reached XP level 4. HP: 35/41 MP: 3/3
  1749 | D:3      | Noticed DoctorBileduct's ghost (amateur GrFi)
  1758 | D:3      | Killed DoctorBileduct's ghost
  1758 | D:3      | Reached skill level 5 in Fighting
  1758 | D:3      | Reached XP level 5. HP: 48/48 MP: 4/4
  2008 | D:3      | Reached skill level 6 in Axes
  2643 | D:4      | Reached XP level 6. HP: 57/57 MP: 5/5
  2799 | D:4      | Noticed Purgy
  2816 | D:4      | Killed Purgy
  2816 | D:4      | Reached skill level 7 in Axes
  2959 | D:4      | Noticed Grinder
  2967 | D:4      | Killed Grinder
  2967 | D:4      | Reached skill level 8 in Axes
  2967 | D:4      | Reached XP level 7. HP: 53/64 MP: 6/6
  3076 | D:4      | Found a shimmering altar of Xom.
  3080 | D:4      | Found a blossoming altar of Fedhas.
  3305 | D:5      | Entered Level 5 of the Dungeon
  3314 | D:5      | Reached *** piety under Trog
  3680 | D:5      | Found a glowing golden altar of the Shining One.
  3960 | D:5      | Reached skill level 9 in Axes
  4001 | D:6      | Noticed a two-headed ogre
  4047 | D:6      | Killed a two-headed ogre
  4047 | D:6      | Reached skill level 10 in Axes
  4047 | D:6      | Reached XP level 8. HP: 34/75 MP: 7/7
  4348 | D:6      | Found a staircase to the Ecumenical Temple.
  4411 | D:6      | Noticed Edmund
  4422 | D:6      | Killed Edmund
  4714 | D:6      | Reached skill level 11 in Axes
  5332 | D:7      | Reached **** piety under Trog
  5549 | D:7      | Reached XP level 9. HP: 83/83 MP: 8/8
  5646 | D:7      | Reached skill level 12 in Axes
  6209 | D:7      | Reached skill level 10 in Fighting
  6289 | D:8      | Reached skill level 13 in Axes
  6893 | D:8      | Noticed Maurice
  6903 | D:8      | Killed Maurice
  6903 | D:8      | Reached XP level 10. HP: 94/94 MP: 9/9
  7303 | D:8      | Reached skill level 14 in Axes
  7790 | D:9      | Reached ***** piety under Trog
  7874 | D:9      | You fall through a shaft!
  7874 | D:10     | Entered Level 10 of the Dungeon
  7874 | D:10     | Noticed a two-headed ogre
  7876 | D:10     | Noticed a two-headed ogre
  7901 | D:10     | Killed a two-headed ogre
  7902 | D:10     | Killed a two-headed ogre
  8318 | D:10     | Reached skill level 15 in Axes
  8702 | D:10     | Noticed Fannar
  8725 | D:10     | Killed Fannar
  8853 | D:10     | Reached XP level 11. HP: 104/104 MP: 10/10
  9511 | D:9      | Found a staircase to the Lair.
  9582 | D:9      | Reached skill level 16 in Axes
  9796 | D:9      | Noticed a two-headed ogre
  9803 | D:9      | Killed a two-headed ogre
 10003 | D:9      | Received a gift from Trog
 10158 | Lair:1   | Entered Level 1 of the Lair of Beasts
 10235 | Lair:1   | Noticed a seven-headed hydra
 10250 | Lair:1   | HP: 5/105 [six-headed hydra (9)]
 10250 | Lair:1   | Slain by a six-headed hydra

Vault maps used:
D:1:      ldierk_water_garden
D:2:      first_bread
D:3:      cheibrodos_pilgrimage
D:4:      minitemple, uniq_purgy, uniq_grinder
D:5:      nicolae_tso_swordbearing_angel
D:6:      minmay_temple_entry_purple_smoke, uniq_edmund
D:7:      the_bakery
D:8:      uniq_maurice
D:9:      lair_entry_dummy
D:10:     uniq_fannar
Lair:1:   st_stairs_11, kennysheep_rathole

Skill      XL: |  1  2  3  4  5  6  7  8  9 10 11 |
---------------+----------------------------------+-----
Axes           | 4 5 6 8 10 11 13 15 16 | 16.4
Fighting       | 4 5 6 8 9 10 12 | 12.5
Armour         | 4 |  4.3
Dodging        | |  2.1

Action                   |  1- 3 |  4- 6 |  7- 9 | 10-12 || total
-------------------------+-------+-------+-------+-------++-------
Melee: Hand axe          |    62 |    34 |    40 |    10 ||   146
       Headbutt          |     7 |     7 |    23 |    34 ||    71
       Broad axe         |       |       |    94 |   118 ||   212
       Battleaxe         |       |       |       |    25 ||    25
 Fire: Hunting sling     |    21 |    69 |   187 |   166 ||   443
Invok: Berserk           |       |     1 |     1 |     2 ||     4
       Trog's Hand       |       |     1 |       |     3 ||     4
       Brothers in Arms  |       |       |       |     1 ||     1
  Use: Scroll            |       |       |       |    17 ||    17
       Potion            |       |       |       |     3 ||     3
  Eat: Chunk             |     2 |     5 |     6 |    12 ||    25
       Bread ration      |       |       |     2 |       ||     2
Armor: Animal skin       |    25 |     8 |       |       ||    33
       Scale mail        |       |    17 |    95 |   120 ||   232
Dodge: Dodged            |    59 |    31 |   111 |   109 ||   310
